 Dungeon Crawl Stone Soup version 0.14-a0-1519-gc5e2f7f (webtiles) character file.

11931 Dirian the Fencer (level 11, -12/86 HPs)
             Began as a Minotaur Fighter on Dec 16, 2013.
             Was a High Priest of Okawaru.
             Mangled by a very large slime creature (48 damage)
             ... on Level 10 of the Dungeon.
             The game lasted 00:51:39 (9267 turns).

Dirian the Fencer (Minotaur Fighter)                Turns: 9267, Time: 00:51:40

HP -12/86        AC 17     Str 24      XL: 11   Next: 47%
MP  11/11        EV 12     Int  8      God: Okawaru [*****.]
Gold 616         SH 27     Dex 10      Spells:  0 memorised, 10 levels left

rFire  . . .     SeeInvis .     a - +1 falchion
rCold  . . .     Clarity  .     l - +0 chain mail
rNeg   . . .     Conserve .     c - +0 shield
rPois  .         rCorr    .     G - +1 wizard hat {Int+3}
rElec  .         rRot     .     g - +0 dwarf cloak
SustAb . .       Spirit   .     (no gloves)
rMut   .         Warding  .     h - +0 pair of boots
Saprov . . .     Stasis   .     (no amulet)
                                y - +4 ring of evasion
                                k - +2 ring of protection

@: heroism, somewhat resistant to hostile enchantments, extremely unstealthy
A: retaliatory headbutt, horns 2
a: Heroism, Finesse, Renounce Religion


You were on level 10 of the Dungeon.
You worshipped Okawaru.
Okawaru was extremely pleased with you.
You were very hungry.

You visited 3 branches of the dungeon, and saw 13 of its levels.

You collected 616 gold pieces.

Inventory:

Hand weapons
 a - a +1,+1 falchion (weapon)
 o - a +1,+0 halberd of dragon slaying
 p - a +1,+2 short sword of protection
 r - a +0,+0 trident of venom
 B - a +1,+1 falchion
 E - a +2,-3 falchion
Armour
 b - a +0 scale mail
 c - a +0 shield (worn)
 g - a +0 dwarven cloak (worn)
 h - a +0 pair of boots (worn)
 l - a +0 chain mail (worn)
 G - a +1 wizard hat of intelligence (worn)
Magical devices
 j - a wand of digging (12)
 q - a wand of frost (0)
 s - a wand of digging (14)
 v - a wand of invisibility (1)
Comestibles
 d - a bread ration
 x - 3 meat rations
 C - a choko
Scrolls
 e - 2 scrolls of identify
 m - a scroll of remove curse
 w - a scroll of enchant armour
 z - a scroll of fog
 A - a scroll of teleportation
 D - a scroll of fear
Jewellery
 i - an uncursed ring of see invisible
 k - a +2 ring of protection (left hand)
 n - an uncursed amulet of faith
 t - an uncursed ring of flight
 u - a +1 ring of strength {unknown}
 y - a +4 ring of evasion (right hand)
Potions
 f - a potion of might
 I - 3 potions of curing


   Skills:
 - Level 5.0(10.0) Fighting
 - Level 17.3(22.3) Long Blades
 - Level 5.0(10.0) Armour
 * Level 8.5(13.5) Shields
 + Level 4.1 Invocations
 + Level 3.8 Evocations


You had 10 spell levels left.
You didn't know any spells.

Dungeon Overview and Level Annotations

Branches:
Dungeon (10/16)            Temple (1/1) D:4            Lair (2/8) D:8
    Orc: D:9-12

Altars:
Ashenzari
Cheibriados
Elyvilon
Fedhas
Kikubaaqudgha
Makhleb
Nemelex Xobeh
Okawaru
Sif Muna
Trog
Vehumet
Xom
Yredelemnul
Zin
the Shining One

Shops:
D:5 [   D:6 [   D:9 !%


Innate Abilities, Weirdness & Mutations

You reflexively headbutt those who attack you in melee.
You have a pair of horns on your head.


Message History

The very large slime creature completely misses you.
You slash the very large slime creature!
The very large slime creature is severely wounded.
The very large slime creature misses you.
You hit the very large slime creature.
The very large slime creature is severely wounded.
You slash the very large slime creature!
You headbutt the very large slime creature.
The very large slime creature is almost dead.
The very large slime creature hits you!
You slash the very large slime creature!
You headbutt the very large slime creature.
The very large slime creature is almost dead.
Dmg: -7%(-6hp) hp: 42%(36hp)
You slash the very large slime creature!
You headbutt the very large slime creature, but do no damage.
The very large slime creature is almost dead.
The very large slime creature hits you!
Ouch! That really hurt!
You die...

#)#.##....#########.......#
###)#)#######......##.....(.#
#.(......=..................####
#.#.#.#######...[...............
#.#.#.########.#################
#.#.#..................
.......#####...#######
.......#####...############
.................@J....[..# .
#.##########...##########.# (
........# #...# #.# . ........#
#...# #####J###### . ........#
###.# #..........###. ........#
.# #.....J........ .......... ..
#..........##.# ########## #
.#..........##.#
.................


You could see a very large slime creature.

Vanquished Creatures
  Gastronok (Lair:2)
  Pikel (D:6)
  The ghost of lauthentik the Firebug, an experienced DEFE of Vehumet (D:7)
  A slime creature (D:10)
  3 spiny frogs (Lair:1)
  A hydra zombie (D:10)
  A spriggan (D:7)
  7 blink frogs (Lair:1)
  A wraith (D:10)
  8 yaks
  5 wolves (Lair:1)
  An ice beast (D:8)
  3 sky beasts
  A black bear (D:10)
  3 porcupines (Lair:1)
  5 centaurs
  2 orc warriors
  2 crocodiles
  6 ogres
  A big kobold (D:10)
  2 giant frogs
  A water moccasin (Lair:1)
  5 wights (D:8)
  6 crimson imps
  A goliath beetle (D:5)
  6 hounds
  7 jellies
  4 scorpions
  A gnoll shaman (D:9)
  5 orc wizards
  8 iguanas
  8 worker ants
  A killer bee zombie (D:6)
  A sheep (D:9)
  Ijyb (D:4)
  A mottled dragon skeleton (D:10)
  An ogre skeleton (D:6)
  A worker ant zombie (D:5)
  11 adders
  10 gnolls
  9 green rats
  An inept feature mimic (D:9)
  2 worms
  A giant mite (Lair:1)
  2 adder skeletons
  4 giant eyeballs
  7 giant geckos
  An ooze (D:5)
  16 orcs
  16 bats
  A bat skeleton (D:5)
  A giant cockroach (D:3)
  10 hobgoblins
  7 jackals
  9 quokkas
  2 ball pythons
  7 giant newts
  13 goblins
  A hobgoblin zombie (D:6)
  22 kobolds
  A kobold skeleton (D:4)
  A kobold zombie (D:7)
  An orc zombie (D:9)
  16 rats
  A rat zombie (D:8)
  A ballistomycete (D:9)
288 creatures vanquished.

Vanquished Creatures (others)
  A giant spore (D:9)
1 creature vanquished.

Grand Total: 289 creatures vanquished

Notes
Turn   | Place    | Note
--------------------------------------------------------------
     0 | D:1      | Dirian, the Minotaur Fighter, began the quest for the Orb.
     0 | D:1      | Reached XP level 1. HP: 19/19 MP: 1/1
   163 | D:1      | Reached XP level 2. HP: 24/27 MP: 1/1
   324 | D:1      | Reached skill level 4 in Armour
   863 | D:2      | Reached XP level 3. HP: 33/33 MP: 2/2
  1101 | D:2      | Found a deep blue altar of Sif Muna.
  1569 | D:3      | Found a white marble altar of Elyvilon.
  1613 | D:3      | Reached XP level 4. HP: 40/40 MP: 2/2
  1674 | D:3      | Found a burning altar of Makhleb.
  1676 | D:3      | Found a radiant altar of Vehumet.
  1736 | D:3      | Reached skill level 5 in Armour
  1736 | D:3      | Reached XP level 5. HP: 27/47 MP: 2/2
  1900 | D:3      | Reached skill level 5 in Shields
  2408 | D:4      | Found a staircase to the Ecumenical Temple.
  2441 | Temple   | Entered the Ecumenical Temple
  2526 | Temple   | Became a worshipper of Warmaster Okawaru
  2659 | D:4      | Noticed an ogre
  2665 | D:4      | Killed an ogre
  2665 | D:4      | Reached skill level 5 in Fighting
  2665 | D:4      | Reached XP level 6. HP: 54/56 MP: 3/3
  2715 | D:4      | Noticed Ijyb
  2725 | D:4      | Killed Ijyb
  2941 | D:4      | Reached skill level 5 in Long Blades
  3112 | D:4      | Acquired Okawaru's first power
  3295 | D:5      | Entered Level 5 of the Dungeon
  3302 | D:5      | Reached skill level 6 in Long Blades
  3304 | D:5      | Found a snail-covered altar of Cheibriados.
  3526 | D:5      | Found Twap's Armour Emporium.
  3526 | D:5      | Reached XP level 7. HP: 56/61 MP: 3/3
  3537 | D:5      | Reached skill level 7 in Long Blades
  3753 | D:5      | Reached skill level 8 in Long Blades
  3924 | D:5      | Found a glowing silver altar of Zin.
  3925 | D:5      | Noticed an angel
  3926 | D:5      | Found a shimmering altar of Xom.
  4140 | D:5      | Reached skill level 9 in Long Blades
  4290 | D:6      | Paralysed by a giant eyeball for 2 turns
  4311 | D:6      | Reached XP level 8. HP: 65/68 MP: 3/3
  4430 | D:6      | Reached skill level 10 in Long Blades
  4442 | D:6      | Found Psesibel's Armour Shop.
  4454 | D:6      | Paralysed by a giant eyeball for 3 turns
  4565 | D:6      | Noticed Pikel
  4591 | D:6      | Killed Pikel
  4591 | D:6      | Reached skill level 12 in Long Blades
  4591 | D:6      | Reached skill level 1 in Evocations
  4967 | D:7      | Reached XP level 9. HP: 74/74 MP: 5/5
  4999 | D:7      | Noticed lauthentik's ghost (experienced DEFE)
  5024 | D:7      | Killed lauthentik's ghost
  5024 | D:7      | Reached skill level 13 in Long Blades
  5529 | D:7      | Reached skill level 1 in Invocations
  5649 | D:7      | Noticed a spriggan baker
  5657 | D:7      | Killed a spriggan baker
  5987 | D:8      | Paralysed by a giant eyeball for 3 turns
  6040 | D:8      | Reached skill level 14 in Long Blades
  6137 | D:8      | Found a sparkling altar of Nemelex Xobeh.
  6459 | D:8      | Found a staircase to the Lair.
  6743 | Lair:1   | Entered Level 1 of the Lair of Beasts
  6743 | Lair:1   | Noticed a spiny frog
  6743 | Lair:1   | Noticed a spiny frog
  6753 | Lair:1   | Killed a spiny frog
  6756 | Lair:1   | Killed a spiny frog
  6756 | Lair:1   | Reached XP level 10. HP: 81/81 MP: 5/8
  6778 | Lair:1   | Reached skill level 15 in Long Blades
  6804 | Lair:1   | Acquired Okawaru's second power
  7050 | Lair:1   | Reached skill level 16 in Long Blades
  7117 | Lair:1   | Received a gift from Okawaru
  7489 | Lair:2   | Noticed Gastronok
  7520 | Lair:2   | Killed Gastronok
  7520 | Lair:2   | Reached skill level 17 in Long Blades
  7520 | Lair:2   | Reached XP level 11. HP: 79/86 MP: 8/10
  8043 | D:9      | Found Huacw's Distillery.
  8199 | D:9      | Found Zoloust's Magical Wand Boutique.
  8221 | D:9      | Zoloust's Magical Wand Boutique was a mimic.
  8250 | D:9      | Found Waelukla's Food Shop.
  8295 | D:9      | Found a glowing golden altar of the Shining One.
  8379 | D:9      | Found a bloodstained altar of Trog.
  8707 | D:10     | Entered Level 10 of the Dungeon
  8801 | D:10     | Paralysed by a giant eyeball for 3 turns
  8810 | D:10     | Paralysed by a giant eyeball for 2 turns
  8829 | D:10     | Paralysed by a giant eyeball for 4 turns
  9134 | D:10     | Found a basalt altar of Yredelemnul.
  9267 | D:10     | Mangled by a very large slime creature

Action                   |  1- 3 |  4- 6 |  7- 9 | 10-12 || total
-------------------------+-------+-------+-------+-------++-------
Melee: Falchion          |   116 |   137 |   440 |   499 ||  1192
Invok: Heroism           |       |       |     5 |     4 ||     9
Evoke: Wand              |       |       |    16 |     2 ||    18
  Use: Potion            |     4 |     4 |     6 |       ||    14
       Scroll            |       |    11 |     4 |     2 ||    17
 Stab: Invisible         |       |       |     3 |       ||     3
